AoeStats
← teko55

Fortress

507072069Analyzed
4v4 RM · 15d ago on Sep 16, 2026· 42m 33s· 8 players
Game mode
Random Map
Map size
Huge
Population
200
Speed
Normal
Resources
Standard
Victory
Conquest
Starting age
Dark Age
Ending age
Imperial Age
RankedLock teamsTeams togetherTeam positionsShared explorationLock speedFull tech treeHidden civsTurbo modeCheats
Victory
Defeat
🇯🇵 Japanese · Japan
1307
+13
🇨🇴 Jurchens · Colombia
1294
+14
🇨🇴 Slavs · Colombia
1262
+15
🇯🇵 Cumans · Japan
1249
+15
🇮🇳 Khmer · India
1297
-17
🇭🇰 Koreans · Hong Kong SAR China
1286
-16
🇬🇧 Romans · United Kingdom
1216
-13
🇮🇳 Britons · India
1161
-11
teko55
6:45 Feudal Age
7:44 Feudal Age
8:09 Loom
11:33 Castle Age
10:00 Double-Bit Axe
9:56 Horse Collar
12:51 Bow Saw
13:40 Wheelbarrow
18:29 Scale Mail Armor
19:35 Squires
20:16 Gold Mining
20:44 Hand Cart
22:54 Chain Mail Armor
22:51 Forging
31:41 Imperial Age
30:26 Iron Casting
32:01 Gold Shaft Mining
31:16 Stone Mining
31:53 Treadmill Crane
33:51 Conscription
35:51 Plate Mail Armor
36:22 Blast Furnace
35:36 Elite Samurai
36:07 Fletching
36:18 Padded Archer Armor
36:40 Ballistics
37:21 Chemistry
36:32 Masonry
37:16 Bodkin Arrow
37:29 Scale Barding Armor
37:23 Bodkin Arrow
38:35 Bracer
37:57 Pikeman
38:23 Gambesons
39:20 Leather Archer Armor
39:08 Halberdier
42:21 Ring Archer Armor
42:14 Kataparuto
41:55 Yasama
ohawan12312
6:48 Feudal Age
7:22 Double-Bit Axe
8:04 Horse Collar
10:31 Wheelbarrow
15:58 Castle Age
15:08 Loom
16:12 Capped Ram
17:26 Gold Mining
18:18 Bow Saw
20:37 Fletching
21:17 Bodkin Arrow
23:38 Bloodlines
23:30 Padded Archer Armor
29:33 Hand Cart
29:38 Leather Archer Armor
31:55 Imperial Age
32:40 Ballistics
33:01 Conscription
32:02 Elite Kipchak
33:49 Chemistry
33:22 Siege Ram
34:13 Cavalier
35:19 Paladin
36:32 Ring Archer Armor
36:07 Scale Barding Armor
36:13 Forging
38:00 Squires
37:21 Pikeman
38:04 Scale Mail Armor
42:31 Chain Mail Armor
Cafernaun
7:00 Feudal Age
11:11 Castle Age
9:22 Gold Mining
9:48 Double-Bit Axe
12:09 Bow Saw
11:41 Horse Collar
13:13 Heavy Plow
15:15 Stone Mining
15:43 Loom
17:28 Wheelbarrow
19:53 Gold Shaft Mining
20:38 Fletching
23:20 Ballistics
23:03 Padded Archer Armor
24:22 Bodkin Arrow
24:43 Leather Archer Armor
26:49 Hand Cart
27:32 Fortified Bastions
28:27 Murder Holes
28:43 Masonry
29:02 Treadmill Crane
32:27 Imperial Age
30:44 Forging
30:40 Scale Barding Armor
31:17 Fortified Wall
32:55 Chain Barding Armor
34:09 Chemistry
34:29 Plate Barding Armor
35:02 Two-Man Saw
35:03 Iron Casting
37:44 Elite Skirmisher
38:35 Town Watch
39:19 Town Patrol
TheMarshall
8:57 Feudal Age
10:28 Double-Bit Axe
10:25 Horse Collar
10:38 Gold Mining
13:23 Castle Age
12:44 Wheelbarrow
14:47 Bow Saw
14:41 Heavy Plow
19:45 Stone Mining
22:50 Detinets
23:57 Hand Cart
25:05 Bloodlines
25:03 Scale Barding Armor
25:11 Forging
28:27 Imperial Age
27:19 Gold Shaft Mining
27:24 Chain Barding Armor
27:40 Iron Casting
28:07 Town Watch
27:48 Pikeman
28:29 Squires
28:44 Halberdier
29:37 Scale Mail Armor
30:20 Coinage
30:51 Plate Barding Armor
30:55 Druzhina
31:23 Chain Mail Armor
32:09 Blast Furnace
31:30 Chain Mail Armor
32:33 Conscription
35:43 Two-Man Saw
34:35 Elite Boyar
35:42 Conscription
34:42 Elite Boyar
36:00 Town Patrol
37:36 Plate Mail Armor
agresif
1:25 Loom
7:35 Feudal Age
13:17 Castle Age
11:24 Horse Collar
11:46 Double-Bit Axe
15:17 Bow Saw
15:12 Fletching
15:23 Padded Archer Armor
15:38 Town Watch
17:00 Gold Mining
19:18 Fortified Wall
21:05 Wheelbarrow
20:42 Heavy Plow
22:32 Bodkin Arrow
24:43 Leather Archer Armor
24:51 Ballistics
24:39 Heavy Plow
28:57 Imperial Age
27:09 Hand Cart
27:49 Stone Mining
28:38 Gold Shaft Mining
30:39 Chemistry
29:11 Elite Longbowman
32:00 Chemistry
31:02 Bracer
31:41 Conscription
32:19 Ring Archer Armor
34:35 Two-Man Saw
35:59 Sanctity
rateezy
7:15 Feudal Age
10:16 Castle Age
8:09 Double-Bit Axe
8:22 Horse Collar
10:57 Wheelbarrow
12:37 Bow Saw
16:33 Loom
18:57 Hand Cart
18:28 Town Watch
18:54 Heavy Plow
19:18 Gold Mining
23:43 Imperial Age
22:11 Gold Shaft Mining
21:28 Stone Mining
23:09 Bloodlines
23:00 Husbandry
23:46 Cavalier
23:50 Elite Battle Elephant
24:51 Conscription
28:36 Scale Barding Armor
28:41 Forging
28:26 Fletching
30:24 Chain Barding Armor
30:39 Iron Casting
30:33 Tusk Swords
31:09 Hoardings
31:57 Plate Barding Armor
32:28 Blast Furnace
32:50 Siege Engineers
36:33 Fletching
37:45 Chemistry
37:06 Ballistics
36:56 Fortified Wall
36:42 Murder Holes
36:58 Masonry
37:14 Bodkin Arrow
37:50 Devotion
41:17 Bracer
41:21 Town Patrol
Steve
7:15 Feudal Age
11:30 Castle Age
10:29 Double-Bit Axe
10:44 Horse Collar
13:22 Bow Saw
17:19 Wheelbarrow
17:50 Stone Mining
18:43 Fletching
21:12 Hand Cart
21:23 Gold Mining
RedJenga7
1:38 Loom
7:53 Feudal Age
11:53 Castle Age
10:19 Double-Bit Axe
10:15 Horse Collar
13:22 Bow Saw
13:50 Heavy Plow
14:32 Heavy Plow
18:08 Wheelbarrow
17:22 Loom
20:29 Hand Cart
22:45 Town Watch
25:54 Imperial Age
24:25 Forging
24:16 Scale Mail Armor
24:27 Town Patrol
24:20 Gold Mining
24:23 Stone Mining
23:58 Man-at-Arms
24:39 Squires
24:48 Long Swordsman
26:07 Iron Casting
25:59 Legionary
26:59 Chain Mail Armor
30:10 Blast Furnace
29:36 Pikeman
32:47 Conscription
Connection lost

Rejoining the realm…

Still unreachable

The connection could not be restored.

Session expired

The server has moved on; the page needs a fresh start.